AoeStats
← yellowbook

QS Arena

503315491Analyzed
4v4 RM · 1mo ago on Aug 31, 2026· 35m 56s· 8 players
Game mode
Random Map
Map size
Large (8 player)
Population
200
Speed
Normal
Resources
Standard
Victory
Conquest
Starting age
Dark Age
Ending age
Imperial Age
RankedLock teamsTeams togetherTeam positionsShared explorationLock speedFull tech treeHidden civsTurbo modeCheats
Victory
Defeat
🇮🇳 Cumans · India
1423
+14
🇮🇳 Armenians · India
1421
+14
🇦🇷 Dravidians · Argentina
1386
+16
🇨🇳 Bohemians · China
1310
+20
🇹🇼 Goths · Taiwan
1409
-17
🇻🇳 Italians · Vietnam
1391
-16
🇻🇳 Koreans · Vietnam
1379
-16
🇨🇳 Bengalis · China
1374
-15
yellowbook
8:02 Feudal Age
12:23 Castle Age
10:19 Double-Bit Axe
10:51 Horse Collar
22:47 Heavy Plow
24:23 Wheelbarrow
23:34 Loom
25:17 Gold Mining
28:50 Imperial Age
27:09 Gold Shaft Mining
26:28 Stone Mining
27:02 Scale Barding Armor
27:23 Bow Saw
27:51 Bloodlines
27:44 Husbandry
28:56 Hand Cart
28:27 Town Watch
29:44 Chain Barding Armor
30:13 Elite Battle Elephant
32:41 Plate Barding Armor
32:16 Forging
31:57 Fletching
32:07 Padded Archer Armor
34:05 Crop Rotation
34:37 Two-Man Saw
35:18 Iron Casting
34:39 Bodkin Arrow
34:36 Elite Elephant Archer
36:30 Guilds
虞小梅
8:45 Feudal Age
9:47 Double-Bit Axe
12:49 Castle Age
10:40 Horse Collar
13:46 Bow Saw
13:37 Heavy Plow
14:36 Wheelbarrow
16:53 Loom
21:18 Hand Cart
24:28 Fletching
25:26 Bodkin Arrow
30:45 Imperial Age
29:36 Pikeman
30:30 Stone Mining
30:58 Gold Mining
32:35 Stone Shaft Mining
33:10 Scale Mail Armor
33:20 Forging
33:09 Capped Ram
35:08 Chain Mail Armor
35:28 Iron Casting
34:55 Halberdier
35:35 Squires
36:23 Crop Rotation
36:15 Perfusion
36:36 Conscription
Chut Pro
8:13 Feudal Age
6:41 Loom
12:34 Castle Age
10:25 Double-Bit Axe
HuynhSon
1:08 Loom
8:23 Feudal Age
13:02 Castle Age
11:40 Double-Bit Axe
14:20 Bow Saw
13:52 Horse Collar
17:07 Gold Mining
23:59 Imperial Age
22:17 Padded Archer Armor
22:17 Crossbowman
23:43 Fletching
24:11 Arbalester
25:37 Bodkin Arrow
26:29 Bracer
27:19 Ballistics
28:12 Chemistry
28:36 Thumb Ring
29:01 Squires
30:50 Scale Mail Armor
32:25 Chain Mail Armor
32:45 Forging
HellScr3aM
7:59 Feudal Age
8:02 Man-at-Arms
8:31 Double-Bit Axe
9:04 Long Swordsman
9:56 Loom
14:25 Scale Mail Armor
18:17 Forging
19:24 Gold Mining
18:58 Pikeman
20:55 Horse Collar
21:40 Arson
23:59 Wheelbarrow
28:43 Castle Age
29:06 Halberdier
29:47 Squires
29:32 Gambesons
30:10 Chain Mail Armor
30:05 Gambesons
31:50 Bow Saw
34:27 Iron Casting
MortalKombat
3:08 Loom
5:59 Feudal Age
12:38 Horse Collar
21:25 Castle Age
19:22 Gold Mining
20:38 Wheelbarrow
22:08 Scale Barding Armor
22:52 Bloodlines
23:22 Capped Ram
24:04 Double-Bit Axe
24:20 Heavy Plow
24:57 Gold Shaft Mining
26:56 Chain Barding Armor
27:07 Forging
30:42 Iron Casting
34:32 Imperial Age
32:51 Hand Cart
34:38 Cavalier
35:57 Plate Barding Armor
35:45 Bow Saw
36:20 Crop Rotation
LVDB_Curandero
8:06 Feudal Age
11:44 Castle Age
10:23 Double-Bit Axe
10:19 Horse Collar
12:39 Bow Saw
12:46 Heavy Plow
13:45 Loom
16:33 Sanctity
18:29 Wheelbarrow
17:39 Town Watch
18:18 Town Watch
20:05 Scale Mail Armor
19:28 Man-at-Arms
19:53 Gambesons
20:32 Squires
20:18 Arson
20:36 Long Swordsman
22:35 Gold Mining
22:36 Stone Mining
23:13 Forging
28:55 Imperial Age
26:41 Fletching
26:52 Padded Archer Armor
26:49 Elite Skirmisher
27:40 Bodkin Arrow
28:02 Hand Cart
28:38 Ballistics
29:44 Leather Archer Armor
29:40 Bracer
30:41 Chemistry
30:02 Two-Handed Swordsman
30:59 Chain Mail Armor
31:19 Iron Casting
31:15 Ring Archer Armor
31:24 Iron Casting
31:45 Hand Cart
31:45 Champion
33:19 Conscription
32:41 Pikeman
33:28 Halberdier
34:43 Plate Mail Armor
35:14 Blast Furnace
35:34 Wootz Steel
师太爱失态
9:13 Feudal Age
9:49 Double-Bit Axe
12:49 Castle Age
10:41 Horse Collar
13:50 Bow Saw
14:16 Heavy Plow
25:24 Imperial Age
24:28 Chemistry
24:41 Wheelbarrow
23:42 Elite Skirmisher
25:26 Fortified Wall
25:48 Fervor
25:05 Pikeman
25:53 Scale Mail Armor
26:47 Conscription
27:08 Ballistics
26:11 Halberdier
28:13 Padded Archer Armor
29:21 Squires
29:38 Leather Archer Armor
29:40 Siege Engineers
31:53 Treadmill Crane
32:47 Ring Archer Armor
33:24 Two-Man Saw
32:48 Fletching
32:44 Elite Hussite Wagon
33:28 Houfnice
Connection lost

Rejoining the realm…

Still unreachable

The connection could not be restored.

Session expired

The server has moved on; the page needs a fresh start.